 Dungeon Crawl Stone Soup version 0.16.1-4-g8e1b745 (webtiles) character file.

233 medicplz the Slasher (level 6, -1/37 HPs)
             Began as a Gargoyle Fighter on Mar 26, 2015.
             Slain by an orc
             ... wielding a cursed -2 war axe
              (3 damage)
             ... on level 3 of the Dungeon.
             The game lasted 00:06:00 (3698 turns).

medicplz the Slasher (Gargoyle Fighter)             Turns: 3698, Time: 00:06:01

Health: -1/37      AC: 12    Str: 21    XL:     6   Next: 5%
Magic:  6/6        EV:  7    Int:  9    God:
Gold:   163        SH:  9    Dex:  9    Spells: 0 memorised, 5 levels left

rFire  . . .     SeeInvis .     a - +0 long sword
rCold  . . .     Clarity  +     b - +0 scale mail
rNeg   + + .     SustAb   +     c - +0 shield
rPois  ∞         Gourm    .     (no helmet)
rElec  +         Spirit   .     l - +0 cloak
rCorr  .         Warding  .     (no gloves)
rMut   .         Stasis   .     (no boots)
MR     .....                    n - amulet of clarity
Stlth  ..........               i - ring of positive energy
                                f - ring of sustain abilities

@: not resistant to hostile enchantments, extremely unstealthy
A: negative energy resistance 1, electricity resistance, unbreathing,
petrification resistance, rot immunity, AC +4
a: no special abilities


You were on level 3 of the Dungeon.
You were not hungry.

You visited 1 branch of the dungeon, and saw 3 of its levels.

You collected 163 gold pieces.

Inventory:

Hand weapons
 a - a +0 long sword (weapon)
Armour
 b - a +0 scale mail (worn)
 c - a +0 shield (worn)
 l - a +0 cloak (worn)
Jewellery
 f - a ring of sustain abilities (left hand)
 h - an uncursed ring of magical power {unknown}
 i - a ring of positive energy (right hand)
 n - an amulet of clarity (around neck)
Magical devices
 g - a wand of magic darts (20)
Scrolls
 m - a scroll of recharging
 r - a scroll of remove curse
Potions
 e - 2 potions of might
 j - a potion of curing
Comestibles
 d - 2 bread rations
 o - a beef jerky
 p - 7 fruits


   Skills:
 - Level 3.4 Fighting
 * Level 5.4 Long Blades
 - Level 3.2 Armour
 - Level 0.1 Dodging
 - Level 3.4 Shields


You had 5 spell levels left.
You didn't know any spells.

Dungeon Overview and Level Annotations

Branches:
Dungeon (3/15)

Altars:
Fedhas
Gozag
Makhleb


Innate Abilities, Weirdness & Mutations

You are resistant to torment.
You are immune to poison.
Your stone body is very resilient (AC +4).
You resist negative energy.
You are resistant to electric shocks.
You can survive without breathing.
You are immune to petrification.
You are immune to rotting.


Message History

You hit the orc priest!
The orc priest is heavily wounded.
The orc closely misses you. You block the orc priest's attack.
The orc hits you but does no damage.
You closely miss the orc priest.
The orc priest is heavily wounded.
The orc priest looks braver.
You block the orc's attack. x2
You closely miss the orc priest.
The orc priest is heavily wounded.
The orc priest barely misses you. The orc hits you but does no damage.
The orc hits you with an enchanted war axe.
You hit the orc priest.
The orc priest is severely wounded.
The orc priest mumbles some strange prayers to Beogh against you.
Something smites you!
* * * LOW HITPOINT WARNING * * *
The orc hits you but does no damage.
The orc hits you with an enchanted war axe.
You die...

# ###...######.#.......)....
#.### #.............. #)#
##....(....(#### ##.#
###...........###.
###(.#####.....#....#.##...
#)†.##........#.[((.._...##
###.##.).##..#......#.#)#..##
#...##.####.oo......<..>..†)#
#...........@#........#####)#
#.....###...#o......### #.)
#...###.....#.#.....# ###
##.#......###.#....## #
###.........# #......# #
#.....#####.# #......# #
#.#...####..###.#....# #####
###....###...###..##.>##
##....
.....#.##..#####..#####
##.....


You could see an orc priest and 2 orcs.

Vanquished Creatures
  Crazy Yiuf (D:3)
  An iguana (D:3)
  7 gnolls (D:3)
  3 adders
  A giant mite (D:2)
  A worm (D:2)
  A giant gecko (D:3)
  An ooze (D:1)
  4 orcs (D:3)
  4 ball pythons
  13 bats
  2 giant cockroaches
  5 hobgoblins
  5 jackals (D:3)
  A quokka (D:3)
  5 giant newts
  6 goblins
  5 kobolds
  3 rats
  2 fungi (D:3)
71 creatures vanquished.

Notes
Turn   | Place    | Note
--------------------------------------------------------------
     0 | D:1      | medicplz, the Gargoyle Fighter, began the quest for the Orb.
     0 | D:1      | Reached XP level 1. HP: 14/14 MP: 1/1
   126 | D:1      | Reached XP level 2. HP: 17/19 MP: 2/2
   654 | D:2      | Reached XP level 3. HP: 14/23 MP: 3/3
  1163 | D:2      | Reached XP level 4. HP: 23/28 MP: 4/4
  1494 | D:2      | Found a blossoming altar of Fedhas.
  1637 | D:3      | Found a burning altar of Makhleb.
  1695 | D:3      | Reached skill level 4 in Long Blades
  1701 | D:3      | Reached XP level 5. HP: 12/32 MP: 5/5
  1993 | D:3      | Found an opulent altar of Gozag.
  3359 | D:3      | Noticed Crazy Yiuf
  3371 | D:3      | Killed Crazy Yiuf
  3371 | D:3      | Reached skill level 5 in Long Blades
  3612 | D:3      | Reached XP level 6. HP: 32/37 MP: 6/6
  3698 | D:3      | Slain by an orc

Action                   |  1- 3 |  4- 6 || total
-------------------------+-------+-------++-------
Melee: Long sword        |   132 |   175 ||   307
  Use: Scroll            |     5 |     6 ||    11
       Potion            |       |     1 ||     1
  Eat: Chunk             |     1 |     5 ||     6
       Bread ration      |       |     1 ||     1
